 Dungeon Crawl Stone Soup version 0.20.0-4-g10b340a (webtiles) character file.

104085 Lochraine the Mender (level 16, -6/110 HPs)
             Began as a Halfling Arcane Marksman on May 27, 2017.
             Was a Priest of Elyvilon.
             Mangled by a harpy (9 damage)
             ... on level 4 of the Lair of Beasts.
             The game lasted 01:59:17 (34614 turns).

Lochraine the Mender (Halfling Arcane Marksman)    Turns: 34614, Time: 01:59:19

Health: -6/110     AC: 15    Str: 11    XL:     16   Next: 91%
Magic:  22/26      EV: 24    Int: 13    God:    Elyvilon [***...]
Gold:   2466       SH: 12    Dex: 33    Spells: 7/17 levels left

rFire    + . .     SeeInvis .   b - +9 flail "Zoqacoax" {protect, +Fly rF+ Dex+3}
rCold    + . .     Gourm    .   i - +0 buckler
rNeg     . . .     Faith    .   o - +0 acid dragon scales
rPois    .         Spirit   .   A - +2 hat
rElec    +         Reflect  +   B - +2 cloak {MR+}
rCorr    +         Harm     .   E - +0 pair of gloves of Vakoan {rElec rC+ Dex+8}
MR       ++...                  (no boots)
Stlth    ++++++....             m - +3 amulet of reflection
Regen    0.3/turn               V - +2 ring of dexterity
MPRegen  0.2/turn               k - ring of stealth

@: protection
A: mutation resistance 1
a: Lesser Healing, Heal Other, Purification, Divine Protection, Renounce
Religion, Evoke Flight


You were on level 4 of the Lair of Beasts.
You worshipped Elyvilon.
Elyvilon was most pleased with you.
You were very full.

You visited 4 branches of the dungeon, and saw 25 of its levels.
You also visited: Ossuary.

You collected 2883 gold pieces.
You spent 417 gold pieces at shops.

Inventory:

Hand Weapons
 a - a +1 hunting sling of freezing
   (You acquired it on level 4 of the Lair of Beasts)
 b - the +9 flail "Zoqacoax" (weapon) {protect, +Fly rF+ Dex+3}
   (You found it on level 12 of the Dungeon)

   It protects the one who uses it against injury (+AC on strike).
   It affects your dexterity (+3).
   It protects you from fire.
   It lets you fly.
 q - a +4 eveningstar of crushing
   (You took it off Louise on level 1 of the Shoals)
 L - a +2 scimitar of flaming
   (You took it off Erica on level 9 of the Dungeon)
 Z - the +4 flail "Zuethidey" {holy, Str+4 Int+3 Stlth-}
   (You found it on level 3 of the Lair of Beasts)

   It has been blessed by the Shining One to cause great damage to the undead
   and demons.
   It affects your strength (+4).
   It affects your intelligence (+3).
   It makes you less stealthy.
Missiles
 c - 55 sling bullets
 C - 362 stones (quivered)
Armour
 i - a +0 buckler (worn)
   (You took it off a gnoll sergeant on level 6 of the Dungeon)
 o - +0 acid dragon scales (worn)
   (You found it on level 6 of the Lair of Beasts)
 v - a +0 shield
   (You took it off Donald on level 1 of the Orcish Mines)
 A - a +2 hat (worn)
   (You took it off Gastronok on level 3 of the Lair of Beasts)
 B - a +2 cloak of magic resistance (worn)
   (You took it off Maurice on level 1 of the Orcish Mines)
 E - the +0 pair of gloves of Vakoan (worn) {rElec rC+ Dex+8}
   (You found it on level 6 of the Lair of Beasts)

   It affects your dexterity (+8).
   It protects you from cold.
   It insulates you from electricity.
Jewellery
 k - a ring of stealth (right hand)
   (You found it on level 5 of the Lair of Beasts)
 m - a +3 amulet of reflection (around neck)
   (You found it on level 4 of the Lair of Beasts)
 P - an uncursed amulet of regeneration
   (You found it on level 10 of the Dungeon)
 U - an uncursed ring of protection from cold
   (You found it on level 11 of the Dungeon)
 V - a +2 ring of dexterity (left hand)
   (You found it on level 2 of the Lair of Beasts)
Wands
 d - a wand of iceblast (0/15)
   (You took it off Maurice on level 1 of the Orcish Mines)
 f - a wand of flame (22/48)
   (You found it on level 2 of the Shoals)
 t - a wand of flame (16/48)
   (You found it on level 12 of the Dungeon)
 u - a wand of paralysis (13/24)
   (You found it on level 14 of the Dungeon)
 F - a wand of enslavement (5/24)
   (You found it on level 8 of the Dungeon)
Scrolls
 j - 6 scrolls of teleportation {@r4}
 l - 6 scrolls of remove curse {@r2}
 n - 4 scrolls of identify {@r1}
 r - 2 scrolls of immolation {!r}
 z - 3 scrolls of recharging
 J - 2 scrolls of fog
 O - 2 scrolls of magic mapping
 R - 2 scrolls of enchant weapon
 S - a scroll of silence
Potions
 g - 3 potions of curing {@q1}
 s - 4 potions of brilliance
 w - 4 potions of mutation {!q}
 D - a potion of haste {@q3}
 G - 3 potions of lignification {!q}
 H - a potion of cancellation
 I - 3 potions of resistance
 K - 2 potions of flight
 N - 2 potions of might
 Q - a potion of ambrosia {unknown}
Books
 h - a book of Cantrips
   (You found it on level 15 of the Dungeon)
 y - a book of Power
   (You found it on level 14 of the Dungeon)
 M - a book of Debilitation
 T - a book of Maledictions
   (You found it on level 11 of the Dungeon)
Miscellaneous
 e - a fan of gales
   (You found it on level 4 of the Lair of Beasts)
 p - a lamp of fire (inert)
   (You found it on level 5 of the Lair of Beasts)
Comestibles
 x - 15 fruits
 W - 4 chunks of flesh
 X - 17 bread rations


   Skills:
 + Level 10.4 Fighting
   Level 5.8 Short Blades
 * Level 10.1 Maces & Flails
 - Level 12.0 Slings
 + Level 8.6 Armour
 + Level 8.4 Dodging
 - Level 9.5 Stealth
 - Level 6.0 Shields
 - Level 1.2 Spellcasting
 - Level 5.6 Hexes
 * Level 4.2 Translocations
 - Level 7.0 Ice Magic
 + Level 13.4 Invocations
 - Level 7.4 Evocations


You had 7 spell levels left.
You knew the following spells:

 Your Spells              Type           Power        Failure   Level  Hunger
a - Corona                Hex            ###....      3%          1    ##.....
b - Portal Projectile     Hex/Tloc       ##....       16%         3    ####...
c - Ensorcelled Hibernat  Hex/Ice        ###...       4%          2    ###....
d - Apportation           Tloc           ##....       7%          1    ##.....
x - Confuse               Hex            ###.....     12%         3    ####...


Dungeon Overview and Level Annotations

Branches:
Dungeon (15/15)            Temple (0/1) D:4            Lair (6/6) D:11
 Shoals (2/4) Lair:4        Snake (0/4) Lair:2        Slime (0/5) Lair:6
    Orc (2/2) D:11            Elf (0/3) Orc:2        Vaults (0/5) D:14
 Depths: D:15

Altars:
Cheibriados
Dithmenos
Elyvilon
Hepliaklqana
Makhleb
Okawaru
Ru
Trog
Xom
The Shining One
Beogh
Jiyva

Shops:
D:5 :}}[   D:9 ?   D:15 }=   Orc:2 [:(*

Annotations:
D:3 Mandevil's ghost, amateur DsBe
Lair:1 exclusion: oklob plant
Lair:3 Rupert
Shoals:1 100P's ghost, adept DsFi


Innate Abilities, Weirdness & Mutations

You are small and have problems with some larger weapons.
You are somewhat resistant to further mutation.


Message History

* * * LOW HITPOINT WARNING * * *
The harpy completely misses you. The harpy misses you. The harpy claws you.
Elyvilon protects you from harm! You block the harpy's attack.
The harpy completely misses you.
You see here a robe.
Okay, then.
Unknown command.
Unknown command.
Unknown command.
Okay, then.
Unknown command.
You block the harpy's attack. The harpy misses you.
The harpy barely misses you. You block the harpy's attack.
The harpy barely misses you. The harpy closely misses you.
The harpy completely misses you. The harpy closely misses you.
You block the harpy's attack. The harpy completely misses you. x2
You block the harpy's attack. The harpy claws you.
Elyvilon protects you from harm! The harpy misses you.
The harpy closely misses you. x2
The harpy completely misses you. The harpy closely misses you.
You block the harpy's attack. The harpy closely misses you.
The harpy barely misses you. The harpy claws you.
* * * LOW HITPOINT WARNING * * *
The harpy closely misses you. The harpy misses you.
The harpy closely misses you. The harpy completely misses you. x2
You block the harpy's attack. The harpy completely misses you.
The harpy barely misses you.
The harpy screeches!
You block the harpy's attack. The harpy barely misses you.
The harpy completely misses you. You block the harpy's attack.
The harpy completely misses you. You block the harpy's attack.
The harpy screeches! x2
The harpy completely misses you. You block the harpy's attack.
The harpy barely misses you. The harpy misses you. The harpy claws you.
Elyvilon protects you from harm! You block the harpy's attack.
There is a staircase back to the Lair here.
Your divine protection fades away.
You block the harpy's attack. The harpy completely misses you.
The harpy misses you. You block the harpy's attack. x2
The harpy completely misses you. x5
You climb upwards.
Welcome back to the Lair of Beasts!
There is a staircase to the Shoals here.
You beseech Elyvilon to protect your life.
The harpy misses you. The harpy claws you but does no damage.
The harpy claws you. Elyvilon protects you from harm!
You block the harpy's attack. The harpy claws you!
You die...

#..## ##.#...P# #...##
###P...## # #..).####
#.../.#### # #.....#.#
####...PP# ## #.......##
#.....####. #........##
###...#.#..
#......<..#### ##.......
#........H...# ##......
#.......@....### #.#.....
###....H.......####......
###...........##.......
##...................
####...........[.##.
##.#..........###
#####........P##
#..........##
##...........


You could see 2 harpies.

Vanquished Creatures
  Gastronok (Lair:3)
  Donald (Orc:1)
  The ghost of ghjk the Severer, a journeyman MiFi of Okawaru (D:14)
  Louise (Shoals:1)
  An orc warlord (Orc:1)
  Nessos (Lair:4)
  The ghost of Iflex the Impaler, a journeyman MfGl of Okawaru (Shoals:2)
  A merfolk javelineer (Shoals:2)
  4 hydras (Lair:6)
  A vault guard (D:14)
  A merfolk avatar (Shoals:2)
  2 centaur warriors
  A tengu warrior (D:14)
  Erica (D:9)
  2 ogre magi
  A death knight (D:14)
  A catoblepas (Lair:6)
  A merfolk aquamancer (Shoals:1)
  4 two-headed ogres
  5 death yaks (Lair:6)
  2 orc high priests
  5 skeletal warriors (D:14)
  2 unseen horrors
  A sea snake (Shoals:1)
  3 orc knights
  A wolf spider zombie (D:13)
  9 ugly things
  8 cyclopes
  4 manticores
  5 fauns
  3 merfolk sirens
  6 orc sorcerers
  An elephant (Lair:3)
  Maurice (Orc:1)
  7 black mambas
  Joseph (D:8)
  6 spiny frogs
  A rime drake (shapeshifter) (D:14)
  4 komodo dragons
  A yaktaur (D:14)
  A rime drake (Lair:6)
  An efreet (D:14)
  A kobold demonologist (D:15)
  A tengu conjurer (D:14)
  2 meliai
  6 trolls
  4 merfolk (Shoals:2)
  7 blink frogs
  7 hippogriffs
  19 dream sheep
  8 slime creatures
  2 snapping turtles
  2 shadows
  A centaur simulacrum (D:14)
  7 water elementals
  4 wyverns
  2 wraiths
  36 yaks
  A basilisk (D:14)
  A steam dragon (D:10)
  4 hungry ghosts
  6 wargs (Orc:2)
  10 vampire mosquitoes
  A naga (Lair:2)
  An acid dragon (D:13)
  7 water moccasins
  9 porcupines
  2 phantoms
  7 ice beasts
  A hornet zombie (D:15)
  37 orc warriors
  An eye of draining (D:10)
  2 black bears
  A necrophage (D:8)
  2 sky beasts
  17 ogres
  6 wolves
  10 centaurs
  15 crocodiles
  A big kobold (D:10)
  3 wyvern zombies
  16 bullfrogs
  A gnoll sergeant (D:6)
  A wyvern skeleton (D:14)
  11 killer bees
  A water moccasin skeleton (D:9)
  8 scorpions
  4 electric eels
  21 wights
  A howler monkey (D:7)
  5 crimson imps
  5 centaur zombies
  2 quasits
  2 bullfrog zombies
  3 jellies
  2 bullfrog skeletons (D:8)
  4 hounds
  24 orc priests
  4 centaur skeletons
  3 iguanas
  8 worker ants
  45 orc wizards
  A hell rat (Lair:3)
  2 killer bee zombies
  A hound zombie (D:11)
  3 mummies (Ossuary)
  A worker ant zombie (D:11)
  25 gnolls
  A howler monkey skeleton (D:9)
  11 adders
  6 shadow imps
  5 adder zombies
  2 worms (D:2)
  2 dart slugs (D:1)
  6 leopard geckos
  105 orcs
  6 giant cockroaches
  A gnoll zombie (Ossuary)
  4 goblins
  7 hobgoblins
  21 jackals
  7 kobolds
  3 quokkas
  A ball python (D:3)
  6 bats
  6 frilled lizards
  3 goblin zombies (Ossuary)
  A hobgoblin zombie (Ossuary)
  A jackal skeleton (D:4)
  4 kobold zombies (Ossuary)
  A quokka skeleton (D:4)
  2 quokka zombies (Ossuary)
  10 rats
  4 rat zombies (Ossuary)
789 creatures vanquished.

Vanquished Creatures (collateral kills)
  A merfolk avatar (Shoals:1)
  An orc knight (Orc:2)
  3 orc warriors
  3 orc wizards
  3 gnolls (Orc:2)
  6 orcs
17 creatures vanquished.

Vanquished Creatures (others)
  A merfolk impaler (Shoals:2)
  A hydra (Lair:6)
  A catoblepas (Lair:6)
  A two-headed ogre (D:11)
  5 death yaks (Lair:6)
  An orc knight (Orc:2)
  An orc sorcerer (Orc:2)
  A cyclops (Shoals:2)
  2 fauns (Shoals:2)
  2 manticores
  A merfolk (Shoals:1)
  2 meliai (D:14)
  2 blink frogs (Lair:5)
  3 orc warriors
  7 yaks
  A warg (Orc:2)
  A porcupine (Lair:3)
  2 ice beasts
  A centaur (D:8)
  A crocodile (Lair:4)
  2 killer bees (D:10)
  2 orc wizards (Orc:2)
  A bullfrog skeleton (D:6)
  5 orcs
  11 fungi
  15 plants
73 creatures vanquished.

Grand Total: 879 creatures vanquished

Notes
Turn   | Place    | Note
-------+----------+-------------------------------------------
     0 | D:1      | Lochraine the Halfling Arcane Marksman began the quest for the Orb.
     0 | D:1      | Reached XP level 1. HP: 12/12 MP: 2/2
    95 | D:1      | Reached skill level 1 in Fighting
   203 | D:1      | Reached XP level 2. HP: 18/18 MP: 3/3
   532 | D:1      | Reached XP level 3. HP: 23/23 MP: 4/4
   983 | D:2      | Found a white marble altar of Elyvilon.
  1115 | D:2      | Became a worshipper of Elyvilon the Healer
  1278 | D:2      | Reached XP level 4. HP: 26/28 MP: 5/5
  1404 | D:2      | Found a hazy altar of Hepliaklqana.
  1406 | D:2      | Reached skill level 5 in Slings
  1407 | D:2      | Found a shimmering altar of Xom.
  1409 | D:2      | Noticed a spectral ugly thing
  1540 | D:2      | Reached * piety under Elyvilon
  2029 | D:3      | Reached XP level 5. HP: 30/34 MP: 6/6
  2090 | D:3      | Noticed Mandevil's ghost (amateur DsBe)
  2473 | D:3      | Reached ** piety under Elyvilon
  2703 | D:3      | Reached skill level 1 in Invocations
  2779 | D:3      | Found an iron altar of Okawaru.
  3240 | D:4      | Reached XP level 6. HP: 39/39 MP: 7/7
  3299 | D:4      | Found a sand-covered staircase.
  3305 | Ossuary  | Entered an ossuary
  3704 | D:4      | Found a shadowy altar of Dithmenos.
  3813 | D:4      | Found a staircase to the Ecumenical Temple.
  3860 | D:4      | Reached skill level 2 in Invocations
  4375 | D:4      | Reached *** piety under Elyvilon
  4383 | D:4      | Reached XP level 7. HP: 45/45 MP: 8/8
  4798 | D:5      | Entered Level 5 of the Dungeon
  4885 | D:5      | Found Zatin's Book Boutique.
  4901 | D:5      | Found Evvisepu's Gadget Boutique.
  5099 | D:5      | Reached skill level 3 in Invocations
  5281 | D:5      | Found Rysuirph's Antique Armour Emporium.
  5309 | D:5      | Found a sacrificial altar of Ru.
  5349 | D:5      | Reached skill level 1 in Stealth
  5349 | D:5      | Reached XP level 8. HP: 40/52 MP: 10/10
  5483 | D:5      | Found a burning altar of Makhleb.
  5574 | D:5      | Found Dyos's Gadget Shop.
  5623 | D:5      | Found a bloodstained altar of Trog.
  6195 | D:6      | Reached skill level 5 in Dodging
  6688 | D:6      | Reached skill level 4 in Invocations
  6817 | D:6      | Reached skill level 10 in Slings
  7063 | D:6      | Reached XP level 9. HP: 37/58 MP: 12/12
  7068 | D:6      | Learned a level 3 spell: Portal Projectile
  7299 | D:6      | Found a bloodstained altar of Trog.
  7612 | D:7      | Reached skill level 1 in Shields
  8297 | D:7      | Reached skill level 5 in Shields
  8972 | D:8      | Found a glowing golden altar of the Shining One.
  9093 | D:8      | Noticed a hippogriff
  9100 | D:8      | Pacified a hippogriff
  9248 | D:8      | Reached skill level 5 in Invocations
  9441 | D:8      | Noticed Joseph
  9447 | D:8      | Killed Joseph
  9447 | D:8      | Reached XP level 10. HP: 65/65 MP: 12/14
  9624 | D:8      | Found a sacrificial altar of Ru.
  9923 | D:9      | Noticed a cyclops
  9957 | D:8      | Reached skill level 6 in Invocations
  9988 | D:8      | Reached skill level 5 in Stealth
 10079 | D:9      | Noticed Erica
 10110 | D:9      | Killed Erica
 10110 | D:9      | Reached skill level 5 in Fighting
 10110 | D:9      | Reached skill level 1 in Short Blades
 10175 | D:9      | Reached skill level 7 in Invocations
 10405 | D:9      | Found a snail-covered altar of Cheibriados.
 10745 | D:9      | Found Nugg's Magic Scroll Shoppe.
 10759 | D:9      | Bought a scroll of teleportation for 33 gold pieces
 10759 | D:9      | Bought a scroll of teleportation for 33 gold pieces
 10759 | D:9      | Bought a scroll of amnesia for 38 gold pieces
 10759 | D:9      | Bought a scroll of identify for 22 gold pieces
 10759 | D:9      | Bought a scroll of identify for 22 gold pieces
 10759 | D:9      | Bought a scroll of identify for 22 gold pieces
 10973 | D:10     | Entered Level 10 of the Dungeon
 11400 | D:10     | Reached XP level 11. HP: 72/72 MP: 16/16
 11567 | D:10     | Reached skill level 8 in Invocations
 12032 | D:10     | Noticed a cyclops
 12034 | D:10     | Pacified a cyclops
 12189 | D:10     | Reached **** piety under Elyvilon
 12671 | D:11     | Noticed a green ugly thing
 12792 | D:11     | Reached skill level 9 in Invocations
 12912 | D:11     | Found a staircase to the Orcish Mines.
 13546 | D:11     | Reached skill level 5 in Short Blades
 13861 | D:11     | Noticed a two-headed ogre
 14013 | D:11     | Pacified a two-headed ogre
 14018 | D:11     | Killed a two-headed ogre
 14022 | D:11     | Killed a green ugly thing
 14054 | D:11     | Noticed an orc knight
 14060 | D:11     | Pacified an orc knight
 14106 | D:11     | Found a roughly hewn altar of Beogh.
 14261 | D:12     | Reached XP level 12. HP: 51/80 MP: 19/19
 14867 | D:12     | Reached skill level 10 in Invocations
 14919 | D:12     | Got a bloodstained flail
 14920 | D:12     | Identified the +9 flail "Zoqacoax" {protect, +Fly rF+ Dex+3} (You found it on level 12 of the Dungeon)
 15034 | D:12     | Found a hazy altar of Hepliaklqana.
 15135 | D:12     | Reached skill level 1 in Maces & Flails
 15998 | D:11     | Killed an unseen horror
 16158 | D:11     | Found a staircase to the Lair.
 16176 | Lair:1   | Entered Level 1 of the Lair of Beasts
 17522 | Lair:2   | Noticed a six-headed hydra
 17525 | Lair:2   | Pacified a six-headed hydra
 17617 | Lair:2   | Reached skill level 5 in Maces & Flails
 17833 | Lair:2   | Reached XP level 13. HP: 86/86 MP: 21/21
 17845 | Lair:2   | Found a staircase to the Snake Pit.
 18273 | Lair:3   | Identified the +4 flail "Zuethidey" {holy, Str+4 Int+3 Stlth-} (You found it on level 3 of the Lair of Beasts)
 18501 | Lair:3   | Noticed an eight-headed hydra
 18514 | Lair:3   | Noticed Gastronok
 18547 | Lair:3   | Killed Gastronok
 18612 | Lair:3   | Pacified an eight-headed hydra
 18832 | Lair:3   | Noticed Rupert
 18886 | Lair:4   | Found a labyrinth entrance.
 18886 | Lair:4   | Noticed Nessos
 19170 | Lair:4   | Identified a scroll of acquirement
 19224 | Lair:4   | Reached skill level 1 in Armour
 19305 | Lair:4   | Reached skill level 11 in Invocations
 19370 | Lair:4   | Killed Nessos
 19546 | Lair:4   | Noticed Nergalle
 19556 | Lair:4   | Pacified Nergalle
 20086 | Lair:4   | Found a staircase to the Shoals.
 20365 | Lair:5   | Found a snail-covered altar of Cheibriados.
 20604 | Lair:5   | Learned a level 2 spell: Ensorcelled Hibernation
 21306 | Lair:5   | Noticed a six-headed hydra
 21313 | Lair:5   | Pacified a six-headed hydra
 21643 | Lair:6   | Entered Level 6 of the Lair of Beasts
 21662 | Lair:6   | Reached skill level 1 in Evocations
 21662 | Lair:6   | Reached XP level 14. HP: 95/95 MP: 22/22
 21924 | Lair:6   | Got a pair of faintly humming gloves
 21930 | Lair:6   | Identified the +0 pair of gloves of Vakoan {rElec rC+ Dex+8} (You found it on level 6 of the Lair of Beasts)
 22151 | Lair:6   | Reached skill level 1 in Ice Magic
 22157 | Lair:6   | Reached skill level 5 in Armour
 22309 | Lair:6   | Found a staircase to the Slime Pits.
 22310 | Lair:6   | Found a viscous altar of Jiyva.
 22993 | Lair:6   | Reached skill level 12 in Invocations
 23169 | Lair:6   | Reached skill level 5 in Evocations
 23704 | Lair:6   | Learned a level 3 spell: Confuse
 24362 | D:13     | Reached skill level 5 in Hexes
 24362 | D:13     | Reached XP level 15. HP: 96/101 MP: 24/24
 24640 | D:13     | Reached skill level 5 in Ice Magic
 25625 | D:14     | Noticed ghjk's ghost (journeyman MiFi)
 26159 | D:14     | Found a gate to the Vaults.
 26376 | D:14     | Killed ghjk's ghost
 27165 | D:15     | Entered Level 15 of the Dungeon
 27464 | D:15     | Found Wogeg's Quality Used Wands.
 27474 | D:15     | Learned a level 1 spell: Apportation
 27638 | D:15     | Found Tini's Jewellery Shop.
 28019 | D:5      | Bought an embroidered cloak for 247 gold pieces
 28229 | Orc:1    | Entered Level 1 of the Orcish Mines
 28265 | Orc:2    | Entered Level 2 of the Orcish Mines
 28629 | Orc:2    | Found a staircase to the Elven Halls.
 28706 | Orc:2    | Paralysed by an orc sorcerer for 5 turns
 28715 | Orc:2    | Reached XP level 16. HP: 50/108 MP: 22/25
 28966 | Orc:2    | Noticed Donald
 28985 | Orc:2    | Elyvilon protects you from harm!
 28985 | Orc:2    | HP: 4/108 [Donald/broad axe of chopping (3)]
 28986 | Orc:2    | Was placed under penance by Elyvilon
 29489 | Orc:1    | Noticed Maurice
 29645 | Orc:1    | Reached skill level 13 in Invocations
 29994 | Orc:1    | Found a roughly hewn altar of Beogh.
 30097 | Orc:1    | Killed Maurice
 30589 | Orc:2    | Reached skill level 10 in Fighting
 30824 | Orc:2    | Found a roughly hewn altar of Beogh.
 31114 | Orc:2    | Found a roughly hewn altar of Beogh.
 31205 | Orc:2    | Found Zulohodi's Weapon Shoppe.
 31205 | Orc:2    | Found Jiakhlaa's General Store.
 31255 | Orc:2    | Was forgiven by Elyvilon
 31327 | Orc:2    | Found Suureock's Antique Armour Shoppe.
 31327 | Orc:2    | Found Boxaf's Book Boutique.
 31668 | Orc:1    | Killed Donald
 31830 | Shoals:1 | Entered Level 1 of the Shoals
 32308 | Shoals:1 | Noticed 100P's ghost (adept DsFi)
 32316 | Shoals:2 | Noticed Iflex's ghost (journeyman MfGl)
 32336 | Shoals:2 | Killed Iflex's ghost
 32403 | Shoals:2 | Reached skill level 1 in Translocations
 33509 | Shoals:2 | Noticed Louise
 33868 | Shoals:1 | Killed Louise
 33868 | Shoals:1 | Reached skill level 10 in Maces & Flails
 34601 | Shoals:1 | HP: 5/110 [harpy (3)]
 34604 | Shoals:1 | HP: 1/110 [harpy (5)]
 34604 | Shoals:1 | Elyvilon protects you from harm!
 34606 | Shoals:1 | Elyvilon protects you from harm!
 34611 | Shoals:1 | Elyvilon protects you from harm!
 34614 | Lair:4   | Elyvilon protects you from harm!
 34614 | Lair:4   | Mangled by a harpy

Skill      XL: |  1  2  3  4  5  6  7  8  9 10 11 12 13 14 15 16 |
---------------+-------------------------------------------------+-----
Fighting       | 1 2 3 4 5 6 7 8 9 10 | 10.4
Slings         | 4 5 6 7 8 10 11 12 | 12.0
Dodging        | 3 4 5 6 7 8 |  8.4
Invocations    | 1 2 3 4 5 7 9 10 11 12 13 | 13.4
Stealth        | 1 3 4 6 7 8 9 |  9.5
Shields        | 6 |  6.0
Short Blades   | 3 5 |  5.8
Maces & Flails | 5 8 10 | 10.1
Armour         | 4 5 7 8 |  8.6
Hexes          | 3 5 |  5.6
Evocations     | 1 5 7 |  7.4
Ice Magic      | 4 7 |  7.0
Translocations | 4 |  4.2
Spellcasting   | |  1.2

Action                   |  1- 3 |  4- 6 |  7- 9 | 10-12 | 13-15 | 16-18 || total
-------------------------+-------+-------+-------+-------+-------+-------++-------
Melee: Mace              |       |     1 |       |       |       |       ||     1
       Dagger            |       |       |       |    19 |       |       ||    19
       Short sword       |       |       |       |   120 |       |       ||   120
       Hunting sling     |       |       |       |     1 |       |       ||     1
       Flail             |       |       |       |   201 |  1113 |   638 ||  1952
 Fire: Hunting sling     |   107 |   332 |   780 |  1163 |   667 |   357 ||  3406
Throw: Stone             |       |       |       |       |       |     2 ||     2
 Cast: Ensorcelled Hiber |       |       |       |       |    12 |     5 ||    17
       Confuse           |       |       |       |       |     1 |    13 ||    14
       Portal Projectile |       |       |       |       |       |     8 ||     8
Invok: Heal Other        |       |       |    25 |    26 |    52 |     8 ||   111
       Lesser Healing    |       |       |     2 |     4 |     3 |     6 ||    15
       Divine Protection |       |       |       |       |     1 |     3 ||     4
       Purification      |       |       |       |       |     1 |     1 ||     2
 Abil: Evoke Invisibilit |       |       |       |       |     1 |     2 ||     3
       Evoke Flight      |       |       |       |       |       |     1 ||     1
Evoke: Wand              |       |       |     3 |     6 |    21 |    24 ||    54
       Phantom mirror    |       |       |       |       |     1 |       ||     1
       Lamp of fire      |       |       |       |       |     3 |     1 ||     4
  Use: Scroll            |       |     4 |    18 |    14 |    13 |     7 ||    56
       Potion            |       |     1 |     1 |     3 |     7 |     9 ||    21
 Stab: Sleeping          |       |     1 |       |     5 |    16 |     2 ||    24
       Distracted        |       |       |       |     1 |     8 |     8 ||    17
       Invisible         |       |       |       |       |     2 |    14 ||    16
       Confused          |       |       |       |       |       |     1 ||     1
  Eat: Chunk             |     1 |     6 |    20 |    32 |    36 |    18 ||   113
       Royal jelly       |       |     1 |       |       |     3 |     1 ||     5
       Meat ration       |       |       |     1 |     1 |     1 |     4 ||     7
       Fruit             |       |       |       |     1 |     2 |     1 ||     4
       Bread ration      |       |       |       |     1 |     2 |       ||     3
Armor: Robe              |     8 |       |       |       |       |       ||     8
       Steam dragon scal |       |    49 |    34 |    83 |    71 |       ||   237
       Skin              |       |       |       |    50 |     5 |       ||    55
       Acid dragon scale |       |       |       |       |   186 |   190 ||   376
Dodge: Dodged            |    31 |   139 |   259 |   469 |   888 |   621 ||  2407
Block: Buckler           |       |       |    19 |   292 |   441 |   405 ||  1157
       Reflection        |       |       |       |       |       |    27 ||    27
